 Dungeon Crawl Stone Soup version 0.31-a0-1405-g2bb1a01664 (webtiles) character file.

Game seed: 13582444744408930984

653 jasper the Ducker (level 7, -2/49 HPs)
             Began as an Octopode Fighter on Dec 25, 2023.
             Slain by an ice beast (13 damage)
             ... on level 5 of the Dungeon.
             The game lasted 00:04:27 (3215 turns).

jasper the Ducker (Octopode Fighter)                Turns: 3215, Time: 00:04:27

Health: -2/49      AC:  1    Str: 16    XL:     7   Next: 54%
Magic:  7/7        EV: 14    Int: 10    God:
Gold:   167        SH:  5    Dex: 13    Spells: 6/6 levels left

rFire   . .          .
                       - Unarmed
rCold   . . .        a - +0 buckler
rNeg    . . .        (helmet restricted)
rPois   .            (no amulet)
rElec   .            (no ring)
rCorr   .            (no ring)
SInv    .            (no ring)
Will    .....        (no ring)
Stlth   ++           (no ring)
HPRegen 0.28/turn    (no ring)
MPRegen 0.10/turn    (no ring)
                     (no ring)

%: no passive effects
@: no status effects
A: almost no armour, amphibious, 8 rings, camouflage 1, gelatinous body 1,
(nimble swimmer 1), tentacles
a: no special abilities


You were on level 5 of the Dungeon.
You visited 1 branch of the dungeon, and saw 5 of its levels.

You collected 167 gold pieces.

Inventory:

Missiles
 f - 64 stones (quivered)
 l - 3 poisoned darts
Armour
 a - a +0 buckler (worn)
Wands
 b - a wand of mindburst (12)
Scrolls
 c - a scroll of summoning {unknown}
 e - a scroll of enchant weapon {unknown}
Potions
 d - a potion of attraction {unknown}
 g - a potion of enlightenment {unknown}
 h - 4 potions of cancellation
 i - a potion of brilliance
 j - a potion of degeneration {unknown}
 k - a potion of heal wounds {unknown}


   Skills:
 + Level 4.8 Fighting
 + Level 4.8 Dodging
 - Level 4.4 Shields
 * Level 4.6 Unarmed Combat
 + Level 1.8 Evocations


You had 6 spell levels left.
You didn't know any spells.
Your spell library contained the following spells:

 Spells                   Type           Power      Damage    Failure   Level
 Sting                    Conj/Alch      0%         1d3       43%         1
 Mercury Vapours          Alch/Air       0%         N/A       58%         2
 Dazzling Flash           Conj/Hex       0%         N/A       82%         3
 Volatile Blastmotes      Fire/Tloc      0%         2d10      82%         3
 Olgreb's Toxic Radiance  Alch           0%         N/A       99%         4
 Conjure Ball Lightning   Conj/Air       0%         3x3d6     100%        6
 Starburst                Conj/Fire      0%         6d3       100%        6
 Discord                  Hex            0%         N/A       100%        8
 Disjunction              Tloc           0%         N/A       100%        8
 Maxwell's Capacitive Co  Air            0%         ∞         100%        8


Dungeon Overview and Level Annotations

Branches:
Dungeon (5/15)
 Temple: D:4-7

Altars:
Cheibriados
Elyvilon
Gozag


Innate Abilities, Weirdness & Mutations

You cannot wear most types of armour.
You are amphibious.
You can wear up to eight rings at the same time.
Your skin changes colour to match your surroundings (Stealth+).
Your rubbery body absorbs attacks. (AC +1, EV +1)
((You are camouflaged when in or above water. (Stealth+)))
You have tentacles for arms and can constrict up to eight enemies at once.


Message History

The iguana is moderately wounded.
You tentacle-slap the iguana. You grab the iguana.
Your squeeze misses the iguana.
The iguana is heavily wounded.
You constrict the iguana. The iguana misses you.
You tentacle-slap the iguana. You squeeze the iguana.
You kill the iguana!
You open the door.
Found a snail-covered altar of Cheibriados and an opulent altar of Gozag.
There is an open door here.
There is an open door here.
An ice beast comes into view.
An ice beast is nearby!
An ice beast is nearby!
The ice beast hits you. The ice beast freezes you.
You take 10 damage, and have 39/49 hp.
MASSIVE DAMAGE!!
You bludgeon the ice beast!
You squeeze the ice beast, but do no damage.
The ice beast is moderately wounded.
The ice beast completely misses you.
You closely miss the ice beast. Your squeeze misses the ice beast.
The ice beast is moderately wounded.
The ice beast closely misses you.
You barely miss the ice beast.
The ice beast is moderately wounded.
The ice beast closely misses you.
You tentacle-slap the ice beast but do no damage.
The ice beast is moderately wounded.
The ice beast hits you. The ice beast freezes you!
You take 11 damage, and have 29/49 hp.
MASSIVE DAMAGE!!
You barely miss the ice beast. You squeeze the ice beast!
The ice beast is severely wounded.
The ice beast hits you. The ice beast freezes you!
You take 14 damage, and have 15/49 hp.
MASSIVE DAMAGE!!
You closely miss the ice beast.
The ice beast is severely wounded.
The ice beast hits you.
* * * LOW HITPOINT WARNING * * *
The ice beast freezes you!
You die...

≈~.~≈≈~.###.##.####.#..###.......
~~.~≈≈≈.....##...................
...~~~~........####.###.###.#####
~.......######......# #.# #.#####
~[~~~≈~.# #.....## #.# #.....#
~.~≈≈≈~J######..>..####.#######.#
~.~≈≈≈~..........................
~.~≈~~~.#####......#####.######.#
........ #...@### #.# #.# ......
......#Y# #.## #.# #######
####.##.. #..## #.# ......# ...
.... ##..####.# ##..#)########
....' ##...##.# #........#
##..##. ##...... ###.#.###.# '###
#. #...... ....#.###.# # #'
##.##.# .##.....#.# #.##.#


You could see an ice beast.

Vanquished Creatures
  A black bear (D:4)
  An ogre (D:5)
  3 scorpions
  3 hounds
  A bombardier beetle (D:5)
  2 iguanas (D:5)
  5 adders
  4 ufetubi (D:5)
  A dart slug (D:1)
  3 orcs (D:4)
  5 ball pythons
  6 endoplasms
  10 hobgoblins
  8 jackals
  4 kobolds
  3 quokkas
  3 bats
  4 frilled lizards
  4 goblins
  3 rats
74 creatures vanquished.

Notes
Turn   | Place    | Note
-------+----------+-------------------------------------------
     0 | D:1      | jasper the Octopode Fighter began the quest for the Orb.
     0 | D:1      | Reached XP level 1. HP: 16/16 MP: 1/1
    11 | D:1      | Found a faded altar of an unknown god.
   237 | D:1      | Reached XP level 2. HP: 21/21 MP: 2/2
   702 | D:2      | Found a white marble altar of Elyvilon.
   803 | D:2      | Reached XP level 3. HP: 21/26 MP: 3/3
  1457 | D:3      | Reached XP level 4. HP: 26/31 MP: 4/4
  1994 | D:4      | Noticed a scorpion
  2007 | D:4      | Killed a scorpion
  2008 | D:4      | Reached XP level 5. HP: 37/37 MP: 5/5
  2027 | D:4      | Noticed a black bear
  2048 | D:4      | Killed a black bear
  2049 | D:4      | Reached XP level 6. HP: 12/43 MP: 6/6
  2630 | D:5      | Entered Level 5 of the Dungeon
  2656 | D:5      | Reached XP level 7. HP: 24/49 MP: 7/7
  2808 | D:5      | Reached skill level 1 in Evocations
  3190 | D:5      | Found a snail-covered altar of Cheibriados.
  3190 | D:5      | Found an opulent altar of Gozag.
  3215 | D:5      | Slain by an ice beast

Illustrated notes

Levels and vault maps discovered:
D:1:      ebering_hopf_link, layout_loops_cross,
          dreamdust_ecumenical_altar_grove
D:2:      layout_basic, basic_altar
D:3:      layout_basic, lemuel_blue_sif_altar, uniq_natasha
D:4:      layout_rooms
D:5:      minmay_bubble_buster, layout_basic, mainiacjoe_overflow_divided_tiny,
          zin_angel, serial_glass, glass_columns_b, glass_columns_a,
          serial_shops, nicolae_shop_hallway_stairs, minivault_14

Skill      XL: |  1  2  3  4  5  6  7 |
---------------+----------------------+-----
Unarmed Combat | 3 4 |  4.6
Fighting       | 4 |  4.8
Dodging        | 4 |  4.8
Shields        | 4 |  4.4
Evocations     | 1 |  1.8

Action                     |  1- 3 |  4- 6 |  7- 9 || total
---------------------------+-------+-------+-------++-------
  Melee: Unarmed           |    88 |    62 |    39 ||   189
         Constrict         |    27 |    15 |     7 ||    49
         Tentacles         |    17 |    10 |     9 ||    36
         Punch             |     3 |     3 |     1 ||     7
  Throw: Stone             |     4 |       |       ||     4
  Evoke: Wand              |       |     2 |       ||     2
    Use: Scroll            |     6 |     2 |       ||     8
         Potion            |       |     3 |       ||     3
   Stab: Sleeping          |     5 |     3 |     1 ||     9
 Armour: Skin              |    28 |    36 |    24 ||    88
  Dodge: Dodged            |    44 |    31 |    31 ||   106
  Block: Buckler           |    22 |    21 |    10 ||    53

Table legend: (Time is in decaauts)
 A = Elapsed time spent in this place.
 B = Non-inter-level travel time spent in this place.
 C = Inter-level travel time spent in this place.
 D = Time resting spent in this place.
 E = Time spent auto-exploring this place.
 F = Levels seen in this place.
 G = Mean time per level.
                   A        B        C        D        E       F      G
               +--------+--------+--------+--------+--------+-----+--------+
         Total |   3211 |   3104 |    107 |    286 |   2146 |   5 |  642.2 |
       Dungeon |   3211 |   3104 |    107 |    286 |   2146 |   5 |  642.2 |
               +--------+--------+--------+--------+--------+-----+--------+

Top non-repeatable levels by time:
     D:2: 722 daAuts
     D:1: 688 daAuts
     D:4: 640 daAuts
     D:5: 583 daAuts
     D:3: 575 daAuts
